 Dungeon Crawl Stone Soup version 0.30.1-4-g462c640d31 (webtiles) character file.

Game seed: 14967179157367711631

16793 rddays123 the Fighter (level 12, -5/104 HPs)
             Began as a Minotaur Fighter on Aug 20, 2023.
             Was an Elder of Hepliaklqana.
             Slain by a fire elemental (6 damage)
             ... led by Azrael
             ... on level 12 of the Dungeon.
             The game lasted 00:21:33 (11909 turns).

rddays123 the Fighter (Minotaur Fighter)           Turns: 11909, Time: 00:21:34

Health: -5/104     AC: 14    Str: 26    XL:     12   Next: 13%
Magic:  17/17      EV: 14    Int:  9    God:    Hepliaklqana [****..]
Gold:   709        SH:  9    Dex:  8    Spells: 11/11 levels left

rFire   . . .        a - +0 war axe
rCold   . . .        c - +0 buckler
rNeg    . . .        p - +0 chain mail
rPois   .            (helmet restricted)
rElec   .            (no cloak)
rCorr   +            I - +1 pair of gloves
SInv    .            (no boots)
Will    .....        w - amulet of reflection Stlth
                     y - ring of resist corrosion
HPRegen 0.37/turn    E - +5 ring of evasion
MPRegen 0.15/turn

%: reflection
@: unable to drink
A: reduced essence, horns 2, retaliatory headbutt, clever 1, wild magic 1,
inability to drink after injury 1
a: Renounce Religion, Recall Ancestor, Ancestor Identity, Transference, Idealise


You were on level 12 of the Dungeon.
You worshipped Hepliaklqana.
Hepliaklqana was greatly pleased with you.
You visited 1 branch of the dungeon, and saw 12 of its levels.
You also visited: Bailey.

You collected 937 gold pieces.
You spent 228 gold pieces at shops.

Inventory:

Hand Weapons
 a - a +0 war axe (weapon)
 G - the +6 halberd of Gozag's Generosity {antimagic, Fragile rCorr Dex-4 SInv}
   (You took it off a hobgoblin in a bailey)

   Dex:       It affects your dexterity (-4).
   SInv:      It lets you see invisible.
   rCorr:     It protects you from acid and corrosion.
   Fragile:   It will be destroyed if unequipped.
Missiles
 H - 15 boomerangs (quivered)
 R - a throwing net
Armour
 b - a +0 scale mail
 c - a +0 buckler (worn)
 p - a +0 chain mail (worn)
 C - a scarf of shadows
 I - a +1 pair of gloves (worn)
Jewellery
 v - a ring of ice
 w - an amulet of reflection (around neck)
 x - an amulet of the acrobat
 y - a ring of resist corrosion (left hand)
 E - a +5 ring of evasion (right hand)
 K - a ring of flight
 O - a ring of protection from cold
Wands
 k - a wand of mindburst (11)
 F - a wand of roots (19)
 J - a wand of flame (41)
 L - a wand of digging (4)
 Q - a wand of quicksilver (11)
Scrolls
 e - 4 scrolls of magic mapping
 f - a scroll of enchant armour {unknown}
 h - 2 scrolls of immolation
 i - 5 scrolls of enchant weapon {unknown}
 j - a scroll of torment {unknown}
 l - 2 scrolls of blinking {unknown}
 m - a scroll of vulnerability {unknown}
 n - 3 scrolls of teleportation
 o - a scroll of poison {unknown}
 q - 2 scrolls of fog {unknown}
 r - 4 scrolls of noise
 u - 3 scrolls of amnesia {unknown}
 D - a scroll of identify
 M - a scroll of fear {unknown}
 N - 2 scrolls of summoning {unknown}
Potions
 d - 5 potions of might
 g - 3 potions of degeneration
 s - 9 potions of flight
 t - 2 potions of magic
 z - 4 potions of curing
 A - 3 potions of brilliance
 B - a potion of lignification
 P - a potion of attraction


   Skills:
 + Level 13.9 Fighting
 + Level 13.7 Axes
 + Level 10.2 Armour
 + Level 4.1 Dodging
 - Level 3.9 Shields
 - Level 8.0 Invocations


You had 11 spell levels left.
You didn't know any spells.
Your spell library contained the following spells:

 Spells                   Type           Power      Damage    Failure   Level
 Apportation              Tloc           0%         N/A       92%         1
 Magic Dart               Conj           0%         1d3       92%         1
 Necrotise                Necr           0%         1d4       92%         1
 Summon Small Mammal      Summ           0%         N/A       92%         1
 Call Imp                 Summ           0%         N/A       97%         2
 Mephitic Cloud           Conj/Pois/Air  0%         N/A       100%        3


Dungeon Overview and Level Annotations

Branches:
Dungeon (12/15)            Temple (0/1) D:5            Lair (0/5) D:11
    Orc (0/2) D:10         Bailey (visited)

Altars:
Elyvilon
Fedhas
Hepliaklqana
Kikubaaqudgha
Nemelex Xobeh
Okawaru
Sif Muna
Trog
Uskayaw
Vehumet
Wu Jian
Xom
Yredelemnul
Zin
The Shining One

Shops:
D:4 (   D:6 *   D:7 [


Innate Abilities, Weirdness & Mutations

Your life essence is reduced to manifest your ancestor. (-10% HP)
You have a pair of horns on your head.
You reflexively headbutt those who attack you in melee.
Your mind is acute. (Int +4, Str/Dex -1)
Your spells are a little harder to cast, but a little more powerful.
You occasionally lose the ability to drink potions when taking damage.


Message History

The blast of flame hits you!
Azrael blows smoke rings.
Azrael closely misses you.
You hear a bark!
You slash Azrael!
Azrael is almost dead.
You slash Azrael!
Azrael is almost dead.
Azrael hits you with a +3 scimitar of flaming!
Azrael burns you.
You hit Azrael.
Azrael is almost dead.
The hell hound breathes flames at you.
The blast of flame hits Azrael.
Azrael completely resists.
The blast of flame misses you.
Azrael howls in rage.
Azrael gestures at you. The sticky flame hits you.
You are covered in liquid flames!
You hit Azrael.
Azrael is almost dead.
You are covered in liquid flames!
You are no longer on fire.
Azrael gestures at you.
The fireball explodes!
The fireball engulfs you!!
You feel threatened and lose the ability to drink potions!
* * * LOW HITPOINT WARNING * * *
The fireball engulfs Azrael.
Azrael completely resists.
You slash Azrael!
You kill Azrael!
A hell hound comes into view.
Your Dodging skill increases to level 4!
You cannot drink potions in your current state!
You slice the fire elemental!!
The fire elemental is severely damaged.
The fire elemental completely misses you.
The fire elemental hits you.
* * * LOW HITPOINT WARNING * * *
The fire elemental burns you!
You die... # ######### . ○.ERE☼hh#

. ###########E#
.#####......<..#@#
.#.............#.#
.......##.######)#
...#.............#
...#.............# #
#.#####.#######.##.#
...................#
#.......#######.####
###############.#


You could see a fire elemental and 2 hell hounds.

Vanquished Creatures
  Azrael (D:12)
  A boulder beetle (D:12)
  2 two-headed ogres
  A death yak (D:10)
  A molten gargoyle (D:10)
  A troll (D:11)
  A wraith (D:9)
  8 yaks
  A wyvern (D:10)
  A vampire mosquito (D:12)
  Grum (D:11)
  2 ice beasts
  A wolf (D:11)
  4 orc warriors
  A centaur (D:8)
  2 phantoms
  3 kobold brigands
  A gnoll sergeant (D:9)
  A scorpion (D:5)
  5 killer bees (D:9)
  3 howler monkeys
  2 lava snakes (D:9)
  3 hounds (D:6)
  3 orc priests
  Crazy Yiuf (D:4)
  An iguana (D:4)
  5 orc wizards
  Robin (D:4)
  3 gnolls
  7 adders
  A white imp (D:5)
  An ufetubus (D:6)
  2 worms
  3 dart slugs
  17 orcs
  5 ball pythons
  5 endoplasms
  4 giant cockroaches
  23 goblins
  13 hobgoblins
  2 jackals (D:1)
  3 quokkas
  5 bats
  6 frilled lizards
  23 kobolds
  7 rats
188 creatures vanquished.

Vanquished Creatures (collateral kills)
  2 boulder beetles
  2 death yaks
  A cyclops (D:12)
  A manticore (D:12)
  3 molten gargoyles (D:10)
  3 komodo dragons
  A kobold demonologist (D:9)
  3 unseen horrors
  A troll (D:9)
  A shadow (D:11)
  2 wyverns
  6 yaks
  A vampire mosquito (D:12)
  2 fire elementals (D:12)
  A steam dragon (D:7)
  An acid dragon (D:10)
  A hell hound (D:12)
  3 water moccasins
  2 orc warriors (Bailey)
  A wolf (D:11)
  A centaur (D:11)
  3 kobold brigands
  4 killer bees (D:9)
  A howler monkey (D:9)
  An orc priest (D:7)
  5 orc wizards
  2 gnolls
  A white imp (D:6)
  An ufetubus (D:7)
  11 orcs
  5 goblins
  4 hobgoblins
  17 kobolds
94 creatures vanquished.

Vanquished Creatures (others)
  5 battlemagi
5 creatures vanquished.

Grand Total: 287 creatures vanquished

Notes
Turn   | Place    | Note
-------+----------+-------------------------------------------
     0 | D:1      | rddays123 the Minotaur Fighter began the quest for the Orb.
     0 | D:1      | Reached XP level 1. HP: 19/19 MP: 0/0
   148 | D:1      | Reached XP level 2. HP: 27/27 MP: 1/1
   465 | D:1      | Reached XP level 3. HP: 33/33 MP: 2/2
   536 | D:1      | Found a faded altar of an unknown god.
   886 | D:2      | Reached XP level 4. HP: 35/41 MP: 3/3
  1190 | D:2      | Gained mutation: Your body sometimes deteriorates upon
                  | taking damage. [potion of mutation]
  1190 | D:2      | Gained mutation: You possess an exceptional clarity of
                  | mind. [potion of mutation]
  1190 | D:2      | Gained mutation: You are frail. (-10% HP) [potion of
                  | mutation]
  1220 | D:3      | Noticed an ice beast
  1228 | D:3      | Killed an ice beast
  1229 | D:3      | Reached skill level 5 in Fighting
  1229 | D:3      | Reached XP level 5. HP: 15/43 MP: 4/4
  1332 | D:3      | Lost mutation: You possess an exceptional clarity of mind.
                  | [potion of mutation]
  1332 | D:3      | Lost mutation: Your body sometimes deteriorates upon taking
                  | damage. [potion of mutation]
  1332 | D:3      | Lost mutation: You are frail. (-10% HP) [potion of
                  | mutation]
  1332 | D:3      | Gained mutation: You sometimes lose your temper in combat.
                  | [potion of mutation]
  1332 | D:3      | Gained mutation: You have large cloven feet. [potion of
                  | mutation]
  1332 | D:3      | Gained mutation: Your mind is acute. (Int +4, Str/Dex -1)
                  | [potion of mutation]
  1332 | D:3      | Gained mutation: You are somewhat resistant to further
                  | mutation. [potion of mutation]
  1535 | D:3      | Found a hazy altar of Hepliaklqana.
  1546 | D:3      | Found a basalt altar of Yredelemnul.
  1554 | D:3      | Reached skill level 5 in Armour
  1565 | D:3      | Became a worshipper of Hepliaklqana the Forgotten
  2085 | D:3      | Reached XP level 6. HP: 57/57 MP: 5/5
  2245 | D:4      | Found Ecweu's Antique Weapon Shoppe.
  2365 | D:4      | Noticed Robin
  2367 | D:4      | Reached * piety under Hepliaklqana
  2369 | D:4      | Reached skill level 5 in Axes
  2378 | D:4      | Killed Robin
  3111 | D:4      | Found a sparkling altar of Nemelex Xobeh.
  3253 | D:4      | Found a runed translucent door.
  3254 | D:4      | Noticed Crazy Yiuf
  3434 | D:4      | Killed Crazy Yiuf
  3486 | D:5      | Entered Level 5 of the Dungeon
  3755 | D:5      | Found a staircase to the Ecumenical Temple.
  3876 | D:5      | Reached XP level 7. HP: 57/57 MP: 6/6
  4189 | D:6      | Found Faceurel's General Store.
  4200 | D:6      | Bought a scroll of identify for 26 gold pieces
  4358 | D:6      | Noticed an angel
  4359 | D:6      | Found a glowing silver altar of Zin.
  4359 | D:6      | Found a shimmering altar of Xom.
  4558 | D:6      | Found a radiant altar of Vehumet.
  4562 | D:6      | Found an ancient bone altar of Kikubaaqudgha.
  4563 | D:6      | Found a shimmering blue altar of Sif Muna.
  4569 | D:6      | Got Kikubaaqudgha's Grimoire of the Crypt
  4624 | D:7      | Reached ** piety under Hepliaklqana
  4625 | D:7      | Remembered your ancestor Aula as a battlemage
  4845 | D:7      | Reached XP level 8. HP: 61/65 MP: 7/7
  5020 | D:7      | Found a flagged portal.
  5032 | Bailey   | Entered a bailey
  5195 | Bailey   | Identified the +6 halberd of Gozag's Generosity {antimagic,
                  | Fragile rCorr Dex-4 SInv}
  5537 | D:7      | Found Laeraut's Antique Armour Shoppe.
  5545 | D:7      | Bought a pair of embroidered gloves for 202 gold pieces
  5583 | D:7      | Killed an unseen horror
  5826 | D:7      | Reached XP level 9. HP: 74/74 MP: 8/8
  5926 | D:7      | Found a bloodstained altar of Trog.
  5980 | D:8      | Reached *** piety under Hepliaklqana
  6032 | D:8      | Found a blossoming altar of Fedhas.
  6084 | D:8      | You fall into a shaft and drop 2 floors!
  6084 | D:10     | Entered Level 10 of the Dungeon
  6116 | D:10     | Reached skill level 1 in Invocations
  6423 | D:9      | Found an ornate altar of the Wu Jian Council.
  6433 | D:9      | Reached skill level 10 in Fighting
  6457 | D:9      | Noticed a two-headed ogre
  6468 | D:9      | Killed a two-headed ogre
  6469 | D:9      | Reached skill level 10 in Axes
  6681 | D:9      | Reached XP level 10. HP: 70/84 MP: 12/12
  6834 | D:9      | Lost mutation: You have large cloven feet. [potion of
                  | mutation]
  6834 | D:9      | Lost mutation: You are somewhat resistant to further
                  | mutation. [potion of mutation]
  6834 | D:9      | Lost mutation: You sometimes lose your temper in combat.
                  | [potion of mutation]
  6834 | D:9      | Gained mutation: Your spells are a little harder to cast,
                  | but a little more powerful. [potion of mutation]
  6834 | D:9      | Gained mutation: You occasionally lose the ability to drink
                  | potions when taking damage. [potion of mutation]
  7077 | D:9      | Reached skill level 5 in Invocations
  7462 | D:9      | Found a glowing golden altar of the Shining One.
  7909 | D:10     | Found a staircase to the Orcish Mines.
  8034 | D:10     | Found a hide-covered altar of Uskayaw.
  8035 | D:10     | Reached **** piety under Hepliaklqana
  8100 | D:10     | Noticed a molten gargoyle
  8101 | D:10     | Noticed a molten gargoyle
  8102 | D:10     | Noticed a molten gargoyle
  8102 | D:10     | Noticed a molten gargoyle
  8420 | D:10     | Killed a molten gargoyle
  8429 | D:10     | Killed a molten gargoyle
  8768 | D:10     | Killed a molten gargoyle
  9101 | D:10     | Found a white marble altar of Elyvilon.
  9262 | D:10     | Killed a molten gargoyle
  9667 | D:11     | Reached XP level 11. HP: 65/94 MP: 15/15
  9792 | D:11     | Noticed a death yak
  9802 | D:11     | Killed a death yak
  9824 | D:11     | Noticed a death yak
  9824 | D:11     | Noticed a death yak
  9851 | D:10     | Killed a death yak
 10110 | D:10     | Killed a death yak
 10398 | D:11     | Noticed Grum
 10407 | D:11     | Killed Grum
 10653 | D:11     | Noticed a boulder beetle
 10676 | D:11     | Killed a boulder beetle
 10677 | D:11     | Reached skill level 1 in Dodging
 10797 | D:11     | Found a staircase to the Lair.
 10802 | D:11     | Noticed a two-headed ogre
 10814 | D:11     | Killed a two-headed ogre
 10888 | D:11     | Found an iron altar of Okawaru.
 11337 | D:12     | Noticed a boulder beetle
 11350 | D:12     | Killed a boulder beetle
 11861 | D:12     | Noticed a boulder beetle
 11879 | D:12     | Killed a boulder beetle
 11880 | D:12     | Reached skill level 10 in Armour
 11880 | D:12     | Reached XP level 12. HP: 94/104 MP: 17/17
 11881 | D:12     | Noticed Azrael
 11907 | D:12     | HP: 1/104 [Azrael/fireball (32)]
 11908 | D:12     | Killed Azrael
 11909 | D:12     | Slain by a fire elemental

Illustrated notes

Levels and vault maps discovered:
D:1:      dpeg_arrival_boxorama, layout_rooms,
          hellmonk_ecumenical_altar_leap_of_faith
D:2:      minmay_inner_zag, layout_basic
D:3:      layout_basic, mainiacjoe_overflow_big_doors
D:4:      layout_layer_cave, nemelex_spade_bored_becter, serial_shops, shop,
          minmay_misc_feat_square, uniq_crazy_yiuf_cottage, uniq_robin
D:5:      nicolae_BIG_FREAKIN_CUBE, layout_loops_cross,
          minmay_temple_entry_butterflies
D:6:      layout_rooms, grunt_temple_overflow_order_and_chaos_1,
          grunt_temple_overflow_magic_moments, serial_shops,
          nicolae_shop_hallway_plus
D:7:      layout_basic, trog_hazing_becter, serial_shops,
          nicolae_shop_tiny_statue_garden, enter_bailey_2,
          kennysheep_small_circle
D:8:      layout_basic, fedhas_ov_isle_minmay
D:9:      layout_stronghold, mainiacjoe_overflow_surrounded_room,
          mainiacjoe_overflow_catwalk, kennysheep_cluttered_room
D:10:     layout_roguey, elyvilon_altar_4, mainiacjoe_overflow_24_doors,
          minivault_8
D:11:     layout_grid_maze, dpeg_lair_monsters, st_stairs_4, okawaru_gym_becter,
          uniq_grum
D:12:     layout_basic, uniq_azrael, uniq_jorgrun

Skill      XL: |  1  2  3  4  5  6  7  8  9 10 11 12 |
---------------+-------------------------------------+-----
Fighting       | 4 5 6 7 9 10 12 13 | 13.9
Axes           | 3 4 5 6 8 10 12 13 | 13.7
Armour         | 4 5 7 8 9 10 | 10.2
Invocations    | 4 6 8 |  8.0
Dodging        | 3 4 |  4.1
Shields        | |  3.9

Action                     |  1- 3 |  4- 6 |  7- 9 | 10-12 || total
---------------------------+-------+-------+-------+-------++-------
  Melee: War axe           |    93 |   121 |   119 |   226 ||   559
         Headbutt          |     9 |    18 |    29 |    68 ||   124
         Kick              |       |    15 |    22 |     4 ||    41
 Invoke: Ancestor Life: Ba |       |       |     1 |       ||     1
         Recall Ancestor   |       |       |     2 |       ||     2
         Idealise          |       |       |       |     1 ||     1
    Use: Scroll            |       |     5 |     3 |     6 ||    14
         Potion            |       |     2 |       |     3 ||     5
   Stab: Distracted        |       |       |     1 |     1 ||     2
 Armour: Scale mail        |    57 |       |       |       ||    57
         Chain mail        |     2 |    61 |    66 |    48 ||   177
  Dodge: Dodged            |    45 |    31 |    68 |    96 ||   240
  Block: Buckler           |    24 |    34 |    67 |    82 ||   207
         Reflection        |       |       |    26 |     3 ||    29
